AoeStats
← kV0t3

Arabia

510425172Analyzed
1v1 RM · 2d ago on Oct 1, 2026· 48m 53s· 2 players
Game mode
Random Map
Map size
Tiny (2 player)
Population
200
Speed
Normal
Resources
Standard
Victory
Conquest
Starting age
Dark Age
Ending age
Imperial Age
RankedLock teamsTeams togetherTeam positionsShared explorationLock speedFull tech treeHidden civsTurbo modeCheats
Victory
Defeat
🇦🇷 Huns · Argentina
1324
+15
🇦🇷 Tatars · Argentina
1302
-15
kV0t3
7:17 Loom
9:58 Feudal Age
10:01 Man-at-Arms
14:35 Fletching
15:24 Wheelbarrow
17:18 Padded Archer Armor
18:42 Scale Mail Armor
18:30 Arson
23:39 Castle Age
24:26 Pikeman
28:47 Long Swordsman
40:54 Bodkin Arrow
41:45 Guard Tower
43:04 Leather Archer Armor
42:59 Forging
43:36 Double-Bit Axe
43:33 Horse Collar
48:22 Imperial Age
greco2294
8:21 Loom
10:59 Feudal Age
13:39 Town Watch
17:23 Castle Age
18:33 Scale Barding Armor
25:06 Forging
26:28 Bloodlines
28:49 Double-Bit Axe
32:29 Horse Collar
34:21 Husbandry
35:07 Gold Mining
36:35 Wheelbarrow
38:42 Iron Casting
38:57 Chain Barding Armor
39:32 Bow Saw
39:26 Heavy Plow
44:46 Imperial Age
44:00 Iron Casting
44:33 Hand Cart
44:52 Cavalier
46:10 Plate Barding Armor
47:21 Blast Furnace
46:21 Fletching
Connection lost

Rejoining the realm…

Still unreachable

The connection could not be restored.

Session expired

The server has moved on; the page needs a fresh start.